 Dungeon Crawl Stone Soup version 0.19-a0-1223-gf83d13a (webtiles) character file.

5660 mrath the Thaumaturge (level 10, -6/58 HPs)
             Began as a Gargoyle Earth Elementalist on Aug 24, 2016.
             Was a Believer of Vehumet.
             Mangled by Erolcha
             ... wielding a +6 giant club
              (18 damage)
             ... on level 8 of the Dungeon.
             The game lasted 01:08:57 (13179 turns).

mrath the Thaumaturge (GrEE)                       Turns: 13179, Time: 01:08:58

Health: -6/58      AC: 12    Str: 16    XL:     10   Next: 75%
Magic:  13/22      EV: 13    Int: 19    God:    Vehumet [**....]
Gold:   424        SH:  0    Dex: 10    Spells: 4 memorised, 16 levels left

rFire  . . .     SeeInvis +     n - +2 whip (venom)
rCold  . . .     Gourm    .     c - +0 robe
rNeg   + + .     Faith    .     (no shield)
rPois  ∞         Spirit   .     Q - +0 helmet
rElec  +         Dismiss  .     J - +0 cloak
rCorr  .         Reflect  .     l - -1 pair of gloves of the Hot Ocelot {*Confuse +Blink SInv Stlth+} (curse)
MR     .....     Harm     .     (no boots)
Stlth  +++.......               (no amulet)
                                w - +4 ring of strength
                                o - ring of positive energy

@: slowed, very slow
A: negative energy resistance 1, electricity resistance, unbreathing,
petrification resistance, rot immunity, AC +7
a: Renounce Religion, Evoke Blink


You were on level 8 of the Dungeon.
You worshipped Vehumet.
Vehumet was pleased with you.
You were not hungry.

You visited 2 branches of the dungeon, and saw 10 of its levels.

You collected 424 gold pieces.

Inventory:

Hand Weapons
 m - a +1 mace of holy wrath
 n - a +2 whip of venom (weapon)
 G - the +5 mace of Exquisite Torment {drain, Dex+3}
   (You found it on level 5 of the Dungeon)

   A truly terrible weapon, it drains the life of those it strikes.
   It affects your dexterity (+3).
Missiles
 a - 15 tomahawks (quivered)
 b - 364 stones
Armour
 c - a +0 robe (worn)
 l - the cursed -1 pair of gloves of the Hot Ocelot (worn) {*Confuse +Blink SInv Stlth+}
   (You found it on level 6 of the Dungeon)

   It lets you see invisible.
   It lets you blink.
   It may confuse you when you take damage.
   It makes you more stealthy.
   It has a curse placed upon it.
 t - a +0 pair of gloves
 J - a +0 cloak (worn)
 Q - a +0 helmet (worn)
 T - a +0 buckler
Jewellery
 o - a ring of positive energy (left hand)
 w - a +4 ring of strength (right hand)
Wands
 B - a wand of digging (24/24)
 O - a wand of flame (22/48)
 P - a wand of iceblast (7/15)
Scrolls
 f - a scroll of magic mapping {unknown}
 g - 4 scrolls of remove curse
 v - 5 scrolls of teleportation
 z - 3 scrolls of enchant armour {unknown}
 C - a scroll of fog
 E - a scroll of fear {unknown}
 K - 2 scrolls of identify
 L - a scroll of blinking {unknown}
 M - a scroll of random uselessness {unknown}
Potions
 h - a potion of magic {unknown}
 i - a potion of might {unknown}
 q - a potion of haste {unknown}
 x - a potion of agility
 A - 4 potions of curing
 D - 2 potions of degeneration {unknown}
 F - a potion of heal wounds {unknown}
 H - 2 potions of mutation {unknown}
Books
 e - a book of Geomancy

   Spells                             Type                      Level
   a - Sandblast                      Earth                        1
   b - Passwall                       Transmutation/Earth          2
   c - Stone Arrow                    Conjuration/Earth            3
   d - Petrify                        Transmutation/Earth          4
   e - Lee's Rapid Deconstruction     Earth                        5
 j - a book of Burglary

   Spells                             Type                      Level
   a - Swiftness                      Charms/Air                   2
   b - Passwall                       Transmutation/Earth          2
   c - Passage of Golubria            Translocation                4
   d - Lee's Rapid Deconstruction     Earth                        5
   e - Darkness                       Hexes                        6
   f - Invisibility                   Hexes                        6
 R - a book of Battle

   Spells                             Type                      Level
   a - Infusion                       Charms                       1
   b - Shroud of Golubria             Charms/Translocation         2
   c - Song of Slaying                Charms                       2
   d - Spectral Weapon                Hexes/Charms                 3
   e - Regeneration                   Charms/Necromancy            3
Comestibles
 d - 13 chunks of flesh
 k - 2 meat rations
 p - 8 slices of pizza
 N - 2 beef jerkies


   Skills:
 + Level 4.8 Fighting
 + Level 5.1 Armour
 + Level 4.0 Dodging
 - Level 2.1 Stealth
 + Level 0.7 Shields
 * Level 8.6 Spellcasting
 + Level 6.2 Conjurations
   Level 0.7 Transmutations
 + Level 2.6 Fire Magic
 + Level 8.1 Earth Magic
 + Level 3.7 Evocations


You had 16 spell levels left.
You knew the following spells:

 Your Spells              Type           Power        Failure   Level  Hunger
a - Sandblast             Erth           #####.       1%          1    None
b - Stone Arrow           Conj/Erth      #####.       1%          3    None
c - Lee's Rapid Deconstr  Erth           #####.....   12%         5    #####..
d - Flame Tongue          Conj/Fire      ###..        1%          1    None


Dungeon Overview and Level Annotations

Branches:
Dungeon (9/15)             Temple (1/1) D:6
   Lair: D:8-11         Orc: D:9-12

Altars:
Ashenzari
Cheibriados
Dithmenos
Elyvilon
Fedhas
Gozag
Hepliaklqana
Kikubaaqudgha
Makhleb
Nemelex Xobeh
Okawaru
Qazlal
Ru
Sif Muna
Trog
Uskayaw
Vehumet
Xom
Yredelemnul
Zin
The Shining One

Annotations:
D:8 Erolcha
D:9 Maurice


Innate Abilities, Weirdness & Mutations

You are resistant to torment.
Your stone body is resilient. (AC +7)
You are immune to poison.
You resist negative energy. (rN+)
You are resistant to electric shocks. (rElec)
You can survive without breathing.
You are immune to petrification.
You are immune to rotting.


Message History

Erolcha hits you with an enchanted giant club!!
* * * LOW HITPOINT WARNING * * *
Casting: Stone Arrow
Confirm with . or Enter, or press ? or * to list all spells.
Aiming: Stone Arrow
Press: ? - help, Shift-Dir - straight line, f/p - Erolcha
Aim: Erolcha, wielding an enchanted giant club, wearing a robe and carrying a wand of digging {zapped: 1} (fast)
The stone arrow hits Erolcha.
Erolcha is lightly wounded.
Erolcha barely misses you.
Casting: Stone Arrow
Confirm with . or Enter, or press ? or * to list all spells.
Aiming: Stone Arrow
Press: ? - help, Shift-Dir - straight line, f/p - Erolcha
Aim: Erolcha, wielding an enchanted giant club, wearing a robe and carrying a wand of digging {zapped: 1} (lightly wounded, fast)
The stone arrow hits Erolcha.
Erolcha is moderately wounded.
Erolcha completely misses you.
Erolcha hits you with an enchanted giant club!!
You die...

#.# #.# #. #.# #.# #. #.# #.# #.
##########.#####.############# #.
#......<##..................<###.
#.##############....[.........[..
#.# ######.######.########. #.#
###.....O.......########. #.#
#....###@..............[. #.#
#....# ####.....########. #.#
#....# #.............. #.# #....#
#............[. #.# #....#
#.............. #.#
#....######'#.....####... #.#
#....##......####.####... #.#
#....##......'.......#...
#.#######....##......#########...


You could see Erolcha.

Vanquished Creatures
  The ghost of Shenda the Carver, a novice DsGl of Okawaru (D:8)
  Sigmund (D:4)
  5 yaks
  A hog (D:7)
  3 hippogriffs
  A human (D:7)
  Menkaure (D:4)
  Duvessa (D:3)
  An orc warrior (D:6)
  2 ice beasts (D:6)
  A sky beast (D:7)
  4 phantoms
  3 ogres
  7 centaurs
  Dowan (D:3)
  4 scorpions
  4 howler monkeys
  6 wights
  3 crimson imps
  2 hounds
  2 jellies
  10 orc wizards
  Crazy Yiuf (D:5)
  3 orc priests
  2 iguanas (D:8)
  4 worker ants
  2 sheep
  A howler monkey zombie (D:7)
  10 gnolls
  10 adders
  2 oozes
  An adder skeleton (D:4)
  3 worms
  A dart slug (D:5)
  6 giant geckos
  39 orcs
  2 ball pythons
  4 giant cockroaches
  9 goblins
  10 hobgoblins
  13 jackals
  5 quokkas
  13 bats
  3 giant gecko skeletons
  7 giant newts
  12 kobolds
  A quokka skeleton (D:5)
  5 rats
233 creatures vanquished.

Notes
Turn   | Place    | Note
-------+----------+-------------------------------------------
     0 | D:1      | mrath the Gargoyle Earth Elementalist began the quest for the Orb.
     0 | D:1      | Reached XP level 1. HP: 10/10 MP: 3/3
   231 | D:1      | Reached XP level 2. HP: 14/15 MP: 1/5
  1217 | D:2      | Reached XP level 3. HP: 10/19 MP: 1/7
  1491 | D:2      | Reached XP level 4. HP: 23/24 MP: 2/9
  1779 | D:2      | Learned a level 3 spell: Stone Arrow
  3000 | D:3      | Reached skill level 1 in Conjurations
  3000 | D:3      | Reached XP level 5. HP: 26/28 MP: 7/11
  3826 | D:3      | Found a burning altar of Makhleb.
  3849 | D:3      | Reached XP level 6. HP: 32/32 MP: 5/12
  4052 | D:3      | Found a faded altar of an unknown god.
  4315 | D:3      | Learned a level 5 spell: Lee's Rapid Deconstruction
  4332 | D:4      | Noticed Sigmund
  4347 | D:4      | Killed Sigmund
  4347 | D:4      | Reached skill level 5 in Spellcasting
  4347 | D:4      | Reached skill level 5 in Earth Magic
  4435 | D:4      | Noticed a phantom
  4586 | D:4      | Killed a phantom
  4586 | D:4      | Reached XP level 7. HP: 32/36 MP: 1/15
  4699 | D:4      | Noticed Duvessa
  4700 | D:4      | Noticed Dowan
  4783 | D:4      | Found a hazy altar of Hepliaklqana.
  4813 | D:4      | Noticed Menkaure
  4921 | D:3      | Killed Duvessa
  5041 | D:3      | Killed Dowan
  5365 | D:4      | Killed Menkaure
  5659 | D:4      | Reached XP level 8. HP: 42/42 MP: 0/17
  6098 | D:5      | Entered Level 5 of the Dungeon
  6285 | D:5      | Reached skill level 1 in Fighting
  6571 | D:5      | Reached skill level 1 in Armour
  6571 | D:5      | Reached skill level 1 in Evocations
  6773 | D:5      | Found an iron altar of Okawaru.
  7034 | D:5      | Got a faintly humming leather armour
  7360 | D:5      | Found a runed door.
  7361 | D:5      | Got a faintly glowing mace
  7670 | D:5      | Noticed Crazy Yiuf
  7673 | D:5      | Killed Crazy Yiuf
  7691 | D:5      | Identified the +5 mace of Exquisite Torment {drain, Dex+3} (You found it on level 5 of the Dungeon)
  7994 | D:6      | Found a staircase to the Ecumenical Temple.
  8007 | Temple   | Entered the Ecumenical Temple
  8120 | Temple   | Became a worshipper of Vehumet
  8209 | D:6      | Reached XP level 9. HP: 49/49 MP: 9/19
  8716 | D:6      | Got a pair of distressingly furry gloves
  8727 | D:6      | Identified the cursed -1 pair of gloves of the Hot Ocelot {*Confuse +Blink SInv Stlth+} (You found it on level 6 of the Dungeon)
  8825 | D:6      | Reached skill level 5 in Conjurations
  8939 | D:6      | Found an opulent altar of Gozag.
 10113 | D:7      | Reached * piety under Vehumet
 10113 | D:7      | Offered knowledge of Flame Tongue by Vehumet.
 10434 | D:7      | Learned a level 1 spell: Flame Tongue
 10833 | D:7      | Reached XP level 10. HP: 56/56 MP: 14/21
 10839 | D:6      | Reached skill level 1 in Fire Magic
 11655 | D:7      | Offered knowledge of Magic Dart by Vehumet.
 11752 | D:7      | Reached ** piety under Vehumet
 12316 | D:8      | Noticed Shenda's ghost (novice DsGl)
 12355 | D:8      | Killed Shenda's ghost
 12355 | D:8      | Reached skill level 5 in Armour
 12784 | D:8      | Found a glowing golden altar of the Shining One.
 12785 | D:8      | Found a sacrificial altar of Ru.
 13120 | D:9      | Noticed Maurice
 13153 | D:9      | Noticed Erolcha
 13179 | D:8      | Mangled by Erolcha

Vault maps used:
D:1:      saegor_arrival_simple_a
D:3:      first_bread, ecumenical_altar_1, makhleb_heckhound_becter
D:4:      lemuel_crystal_altar, uniq_duvessa, uniq_menkaure, uniq_sigmund
D:5:      kennysheep_mini_moat, uniq_crazy_yiuf_cottage
D:6:      nicolae_gozag_cash_rules_everything_around_me
D:7:      corexii_shack_village, mrwooster_statue_mirror, grunt_livestock
D:8:      gammafunk_temple_overflow_pools
D:9:      erik_orc_1, special_room, jmf_multi_god_temple2, uniq_erolcha,
          uniq_grum, uniq_maurice
Temple:   nicolae_temple_elliptical

Skill      XL: |  1  2  3  4  5  6  7  8  9 10 |
---------------+-------------------------------+-----
Earth Magic    | 4 5 6 7 8 |  8.1
Spellcasting   | 3 4 5 6 7 8 |  8.6
Conjurations   | 1 2 3 4 5 6 |  6.2
Fighting       | 2 4 |  4.8
Armour         | 2 4 5 |  5.1
Evocations     | 2 3 |  3.7
Dodging        | 2 3 4 |  4.0
Fire Magic     | 2 |  2.6
Stealth        | |  2.1
Shields        | |  0.7
Transmutations | |  0.7

Action                   |  1- 3 |  4- 6 |  7- 9 | 10-12 || total
-------------------------+-------+-------+-------+-------++-------
Melee: Whip              |     8 |   105 |   136 |    66 ||   315
       Short sword       |       |     1 |       |       ||     1
       Mace              |       |       |     7 |     7 ||    14
 Cast: Sandblast         |    46 |    69 |    13 |     6 ||   134
       Stone Arrow       |       |    24 |   132 |    68 ||   224
  Use: Scroll            |       |       |     9 |     1 ||    10
 Stab: Sleeping          |       |       |       |     2 ||     2
  Eat: Chunk             |     2 |    11 |    20 |     7 ||    40
       Pizza             |       |       |     2 |       ||     2
Armor: Robe              |     9 |    69 |    84 |    47 ||   209
Dodge: Dodged            |    23 |   136 |   121 |    67 ||   347
